 Dungeon Crawl Stone Soup version 0.28-a0-397-g1a7b1a870f (webtiles) character file.

Game seed: 12715770731009832747

0 Gargoyl the Skirmisher (level 1, -5/23 HPs)
             Began as a Gnoll Abyssal Knight on Sept 4, 2021.
             Was a Follower of Lugonu.
             Killed from afar by a raiju (10 damage)
             ... with a living lightning
             ... on level 4 of the Abyss.
             The game lasted 00:00:29 (217 turns).

Gargoyl the Skirmisher (Gnoll Abyssal Knight)        Turns: 217, Time: 00:00:30

Health: -5/23      AC:  7    Str: 11    XL:     1   Next: 0%
Magic:  3/3        EV:  9    Int: 11    God:    Lugonu [*.....]
Gold:   10         SH:  0    Dex: 11    Spells: 0/0 levels left

rFire   . . .      SeeInvis .   a - +1 hand axe
rCold   . . .      Faith    .   (no shield)
rNeg    . . .      Spirit   .   c - +0 scale mail
rPois   .          Reflect  .   (no helmet)
rElec   .          Harm     .   (no cloak)
rCorr   .          Rampage  .   (no gloves)
Will    .....                   (no boots)
Stlth   ..........              (no amulet)
HPRegen 0.07/turn               (no ring)
MPRegen 0.08/turn               (no ring)

@: no status effects
A: fangs 1, strong nose, distributed training
a: Renounce Religion, Depart the Abyss


You were on level 4 of the Abyss.
You worshipped Lugonu.
Lugonu was aware of your devotion.
You visited 0 branches of the dungeon, and saw 0 of its levels.
You visited the Abyss 1 time.

You collected 10 gold pieces.

Inventory:

Hand Weapons
 a - a +1 hand axe (weapon)
Armour
 c - a +0 scale mail (worn)


   Skills:
 + Level 6.4 Fighting
 + Level 0.0 Short Blades
 + Level 0.0 Long Blades
 + Level 4.4 Axes
 + Level 0.0 Maces & Flails
 + Level 0.0 Polearms
 + Level 0.0 Staves
 + Level 0.0 Slings
 + Level 0.0 Bows
 + Level 0.0 Crossbows
 + Level 0.0 Throwing
 + Level 4.4 Armour
 + Level 2.3 Dodging
 + Level 0.0 Stealth
 + Level 0.0 Shields
 + Level 0.0 Unarmed Combat
 + Level 0.0 Spellcasting
 + Level 0.0 Conjurations
 + Level 0.0 Hexes
 + Level 0.0 Summonings
 + Level 0.0 Necromancy
 + Level 0.0 Translocations
 + Level 0.0 Transmutations
 + Level 0.0 Fire Magic
 + Level 0.0 Ice Magic
 + Level 0.0 Air Magic
 + Level 0.0 Earth Magic
 + Level 0.0 Poison Magic
 + Level 4.4 Invocations
 + Level 0.0 Evocations


You couldn't memorise any spells.
You didn't know any spells.
Your spell library was empty.

Dungeon Overview and Level Annotations

Branches:
Dungeon (0/15)

Altars:


Innate Abilities, Weirdness & Mutations

You have very sharp teeth.
Your uncanny sense of smell can sniff out nearby items.
Your experience applies equally to all skills.


Message History

The ufetubus hits you.
You barely miss the ufetubus.
The ufetubus is heavily wounded.
The ufetubus hits you but does no damage.
The ufetubus barely misses you.
You hit the ufetubus but do no damage.
The ufetubus is heavily wounded.
The ufetubus hits you. x2
The ufetubus hits you but does no damage.
The ufetubus misses you.
You barely miss the ufetubus.
The ufetubus is heavily wounded.
The ufetubus hits you but does no damage.
The ufetubus closely misses you.
A chaos spawn comes into view.
The ufetubus hits you. x2
You miss the ufetubus.
The ufetubus is heavily wounded.
The chaos spawn bleats!
The ufetubus hits you.
* * * LOW HITPOINT WARNING * * *
The ufetubus hits you but does no damage.
You barely miss the ufetubus.
The ufetubus is heavily wounded.
The ufetubus barely misses you. The ufetubus hits you.
* * * LOW HITPOINT WARNING * * *
The ufetubus barely misses you. The ufetubus completely misses you.
The ufetubus hits you but does no damage.
The ufetubus closely misses you.
You plunge deeper into the Abyss.
The abyssal rune of Zot can be found at this depth.
Found 9 gold pieces and 3 scrolls labelled ZAOGHESH ODOOH. 3 raiju come into view.
The raiju barks!
The raiju bursts into living lightning!
The living lightning misses the raiju.
The living lightning misses you.
The raiju blinks! x2
The raiju bursts into living lightning!
The living lightning hits you!
You die...

....... ..#. ..
#........... ...
#.....#....##...
...............
#...........#..
.#......#.....
...........#
#.......#.#
..#.#.@#h.#
#..$......#
...#..#...h# .
...........
#.?.........#
#....#.h......
#.........ยง#..
#..#.....##....


You could see 2 raiju.

Vanquished Creatures
  A lurking horror (Abyss:1)
1 creature vanquished.

Notes
Turn   | Place    | Note
-------+----------+-------------------------------------------
     0 | Abyss:1  | Gargoyl the Gnoll Abyssal Knight began the quest for the
                  | Orb.
     0 | Abyss:1  | Reached XP level 1. HP: 23/23 MP: 3/3
   111 | Abyss:1  | Noticed an orange demon
   207 | Abyss:3  | Noticed a chaos spawn
   215 | Abyss:4  | Noticed a raiju
   215 | Abyss:4  | Noticed a raiju
   215 | Abyss:4  | Noticed a raiju
   217 | Abyss:4  | Killed from afar by a raiju

Illustrated notes

Levels and vault maps discovered:
Abyss:4:  base: Temple, evilmike_abyss_exit_vortex, evilmike_abyss_exit_10

Action                   || total
-------------------------++-------
Melee: Hand axe          ||    10
 Stab: Distracted        ||     1
Armor: Scale mail        ||    12
Dodge: Dodged            ||    12

Table legend: (Time is in decaauts)
 A = Elapsed time spent in this place.
 B = Non-inter-level travel time spent in this place.
 C = Inter-level travel time spent in this place.
 D = Time resting spent in this place.
 E = Time spent auto-exploring this place.
 F = Levels seen in this place.
 G = Mean time per level.
                   A        B        C        D        E       F      G
               +--------+--------+--------+--------+--------+-----+--------+
         Total |    217 |    217 |      0 |      0 |    141 |   4 |   54.2 |
         Abyss |    217 |    217 |      0 |      0 |    141 |   4 |   54.2 |
               +--------+--------+--------+--------+--------+-----+--------+

Top non-repeatable levels by time:
 Abyss:1: 129 daAuts
 Abyss:3: 57 daAuts
 Abyss:2: 24 daAuts
 Abyss:4: 5 daAuts
